UNITED STATES SILVER LEAGUE
CAPITOL DISTRICT TEMPLARS VS TUSCALOOSA TIDE
08/17/2014
 
TOP OF THE 1ST
Tuscaloosa Tide batting - Pitching for Capitol District Templars : LHP Ken Bane
Pitching: LHP Ken Bane
Batting: RHB Waylon Peterson 0-0: Called Strike
0-1: Swinging Strike
0-2: Ball
1-2: Hit by Pitch
Batting: RHB Tomás Gonzáles 0-0: Called Strike
0-1: Foul Ball, location: 2F
0-2: Ball
1-2: Strikes out looking
Batting: RHB Nick McKnight 0-0: Ball
1-0: Foul Ball, location: 2F
1-1: Ball
2-1: Ball
3-1: Foul Ball, location: 2F
3-2: Foul Ball, location: 2F
3-2: Fly out, F8 (Flyball, 89XD)
Batting: LHB Jesús Vargas 0-0: Fly out, F9 (Flyball, 9D)
Top of the 1st over - 0 run(s), 0 hit(s), 0 error(s), 1 left on base; Tuscaloosa 0 - Capitol District 0
BOTTOM OF THE 1ST
Capitol District Templars batting - Pitching for Tuscaloosa Tide : RHP Jorge Candelária
Pitching: RHP Jorge Candelária
Batting: LHB Aaron Givens 0-0: Ball
1-0: Swinging Strike
1-1: DOUBLE (Line Drive, 8RD)
Batting: RHB Bert Keller 0-0: Ball
1-0: Ground out 4-3 (Groundball, 34)
Aaron Givens to third
Batting: LHB Emílio Sáenz 0-0: Ball
1-0: Ball
2-0: Ball
3-0: Called Strike
3-1: Base on Balls
Batting: RHB Wesley Osborne 0-0: Called Strike
0-1: Foul Ball, location: 2F
0-2: Fly out, F7 (Flyball, 7LM)
Runner from 3rd tags up, SCORES, no throw
Batting: RHB Henry Collier 0-0: Ball
Emílio Sáenz steals 2nd base
1-0: Fly out, F7 (Flyball, 78D)
Bottom of the 1st over - 1 run(s), 1 hit(s), 0 error(s), 1 left on base; Tuscaloosa 0 - Capitol District 1
TOP OF THE 2ND
Tuscaloosa Tide batting - Pitching for Capitol District Templars : LHP Ken Bane
Batting: LHB Daniel Clark 0-0: Ball
1-0: Swinging Strike
1-1: Swinging Strike
1-2: Ball
2-2: Ball
3-2: Foul Ball, location: 2F
3-2: Fly out, F8 (Line Drive, 8RM)
Batting: RHB Juan Cabrera 0-0: Ball
1-0: Swinging Strike
1-1: Swinging Strike
1-2: Ball
2-2: Strikes out looking
Batting: RHB Juan Jose Díaz 0-0: Ball
1-0: Called Strike
1-1: Swinging Strike
1-2: Fly out, F4 (Popup, 34)
Top of the 2nd over - 0 run(s), 0 hit(s), 0 error(s), 0 left on base; Tuscaloosa 0 - Capitol District 1
BOTTOM OF THE 2ND
Capitol District Templars batting - Pitching for Tuscaloosa Tide : RHP Jorge Candelária
Batting: RHB Juan Torres 0-0: Ball
1-0: Ball
2-0: Swinging Strike
2-1: Ball
3-1: Foul Ball, location: 2F
3-2: Foul Ball, location: 2F
3-2: SINGLE (Line Drive, 7S)
Batting: LHB Cristo Correa 0-0: Called Strike
0-1: Foul Ball, location: 2F
0-2: Ball
1-2: Ball
2-2: Fielders Choice at 2nd, 1-6 (Groundball, 15S)
Batting: RHB Harry Fuller 0-0: Called Strike
0-1: Swinging Strike
0-2: Strikes out swinging
Batting: LHB Ken Bane 0-0: Fly out, F7 (Flyball, 78M)
Bottom of the 2nd over - 0 run(s), 1 hit(s), 0 error(s), 1 left on base; Tuscaloosa 0 - Capitol District 1
TOP OF THE 3RD
Tuscaloosa Tide batting - Pitching for Capitol District Templars : LHP Ken Bane
Batting: LHB Guillermo Martínez 0-0: Called Strike
0-1: Ball
1-1: SINGLE (Line Drive, 7S)
Batting: RHB Jorge Candelária 0-0: Ball
1-0: Bunt - Flyout! F1
Batting: RHB Waylon Peterson 0-0: Ball
1-0: SINGLE (Line Drive, 78M)
Guillermo Martínez to second
Batting: RHB Tomás Gonzáles 0-0: Called Strike
0-1: Called Strike
0-2: Ball
1-2: Foul Ball, location: 2F
1-2: Ball
2-2: Fielders Choice at 2nd, 1-6 (Groundball, 25)
Guillermo Martínez to third
Batting: RHB Nick McKnight 0-0: Ball
1-0: Called Strike
1-1: Called Strike
1-2: Ball
2-2: Ball
3-2: Foul Ball, location: 2F
3-2: SINGLE (Groundball, 56D)
Guillermo Martínez scores
Tomás Gonzáles to second
Tomás Gonzáles to third
Batting: LHB Jesús Vargas 0-0: Called Strike
0-1: Ball
1-1: Foul Ball, location: 2F
1-2: Foul Ball, location: 2F
1-2: Strikes out looking
Top of the 3rd over - 1 run(s), 3 hit(s), 0 error(s), 2 left on base; Tuscaloosa 1 - Capitol District 1
BOTTOM OF THE 3RD
Capitol District Templars batting - Pitching for Tuscaloosa Tide : RHP Jorge Candelária
Batting: LHB Aaron Givens 0-0: Called Strike
0-1: SINGLE (Groundball, 4MD) (infield hit)
Batting: RHB Bert Keller 0-0: Ball
1-0: Ball
2-0: Called Strike
2-1: Grounds into double play, 4-6-3 (Groundball, 4)
Batting: LHB Emílio Sáenz 0-0: Called Strike
0-1: Foul Ball, location: 2F
0-2: Strikes out looking
Bottom of the 3rd over - 0 run(s), 1 hit(s), 0 error(s), 0 left on base; Tuscaloosa 1 - Capitol District 1
TOP OF THE 4TH
Tuscaloosa Tide batting - Pitching for Capitol District Templars : LHP Ken Bane
Batting: LHB Daniel Clark 0-0: Called Strike
0-1: Foul Ball, location: 2F
0-2: Ball
1-2: Reached on error, E3 (Groundball, 3S)
Batting: RHB Juan Cabrera 0-0: Fly out, F7 (Flyball, 7D)
Batting: RHB Juan Jose Díaz 0-0: Ball
1-0: Called Strike
1-1: Foul Ball, location: 2F
1-2: Foul Ball, location: 2F
1-2: Ball
2-2: Strikes out swinging
Batting: LHB Guillermo Martínez 0-0: Foul Ball, location: 2F
0-1: Ground out 1-3 (Groundball, 13S)
Top of the 4th over - 0 run(s), 0 hit(s), 1 error(s), 1 left on base; Tuscaloosa 1 - Capitol District 1
BOTTOM OF THE 4TH
Capitol District Templars batting - Pitching for Tuscaloosa Tide : RHP Jorge Candelária
Batting: RHB Wesley Osborne 0-0: Ball
1-0: Ball
2-0: SINGLE (Line Drive, 9S)
Batting: RHB Henry Collier 0-0: Ball
1-0: DOUBLE (Line Drive, 8LXD)
Wesley Osborne to third
Runner from 3rd tries for Home, SAFE, throw made at trailing runner, OUT at third!
Batting: RHB Juan Torres 0-0: DOUBLE (Flyball, 89XD)
Batting: LHB Cristo Correa 0-0: Called Strike
0-1: Swinging Strike
0-2: Strikes out swinging
Batting: RHB Harry Fuller 0-0: Intentional Walk
Batting: LHB Ken Bane 0-0: Ball
1-0: Ball
2-0: Ball
3-0: Called Strike
3-1: Base on Balls
Juan Torres to third
Harry Fuller to second
Batting: LHB Aaron Givens 0-0: Swinging Strike
0-1: SINGLE (Groundball, 34D) (infield hit)
Juan Torres scores
Harry Fuller to third
Ken Bane to second
Batting: RHB Bert Keller 0-0: Called Strike
0-1: Ball
1-1: Foul Ball, location: 2F
1-2: Ball
2-2: Fly out, F4 (Line Drive, 4)
Bottom of the 4th over - 2 run(s), 4 hit(s), 0 error(s), 3 left on base; Tuscaloosa 1 - Capitol District 3
TOP OF THE 5TH
Tuscaloosa Tide batting - Pitching for Capitol District Templars : LHP Ken Bane
Batting: RHB Jorge Candelária 0-0: Called Strike
0-1: Foul Ball, location: 2F
0-2: Foul Ball, location: 2F
0-2: Fly out, F8 (Flyball, 8LS)
Batting: RHB Waylon Peterson 0-0: SINGLE (Groundball, 34D)
Batting: RHB Tomás Gonzáles 0-0: Swinging Strike
0-1: Ball
1-1: Foul Ball, location: 2F
1-2: Ball
2-2: Ground out 5-3 (Groundball, 56S)
Waylon Peterson to second
Batting: RHB Nick McKnight 0-0: Ball
1-0: Ball
2-0: Ball
3-0: Base on Balls
Batting: LHB Jesús Vargas 0-0: Ground out 6-3 (Groundball, 6)
Top of the 5th over - 0 run(s), 1 hit(s), 0 error(s), 2 left on base; Tuscaloosa 1 - Capitol District 3
BOTTOM OF THE 5TH
Capitol District Templars batting - Pitching for Tuscaloosa Tide : RHP Jorge Candelária
Batting: LHB Emílio Sáenz 0-0: Ball
1-0: Called Strike
1-1: Ball
2-1: Reached on error, E4 (Groundball, 34)
Batting: RHB Wesley Osborne 0-0: Ball
1-0: Ball
2-0: Ball
3-0: Called Strike
3-1: Base on Balls
Emílio Sáenz to second
Batting: RHB Henry Collier 0-0: Fly out, F9 (Flyball, 89D)
Runner from 2nd tags up, SAFE at 3rd, no throw
Batting: RHB Juan Torres 0-0: Ball
1-0: Called Strike
1-1: Ball
2-1: Ball
3-1: Base on Balls
Wesley Osborne to second
Batting: LHB Cristo Correa 0-0: Called Strike
0-1: Ball
1-1: Ball
2-1: Foul Ball, location: 2F
2-2: Ball
3-2: Foul Ball, location: 2F
3-2: Foul Ball, location: 2F
3-2: Base on Balls
Emílio Sáenz scores
Wesley Osborne to third
Juan Torres to second
Batting: RHB Harry Fuller 0-0: Ball
1-0: Called Strike
1-1: Swinging Strike
1-2: Grounds into double play, 6-4-3 (Groundball, 6)
Bottom of the 5th over - 1 run(s), 0 hit(s), 1 error(s), 3 left on base; Tuscaloosa 1 - Capitol District 4
TOP OF THE 6TH
Tuscaloosa Tide batting - Pitching for Capitol District Templars : LHP Ken Bane
Batting: LHB Daniel Clark 0-0: Foul Ball, location: 2F
0-1: Swinging Strike
0-2: Ball
1-2: Foul Ball, location: 2F
1-2: Ball
2-2: Ball
3-2: Strikes out swinging
Batting: RHB Juan Cabrera 0-0: Ball
1-0: Ball
2-0: Called Strike
2-1: Ball
3-1: SINGLE (Line Drive, 7S)
Batting: RHB Juan Jose Díaz 0-0: Called Strike
0-1: Fly out, F9 (Flyball, 9D)
Batting: LHB Guillermo Martínez 0-0: Called Strike
Pickoff Throw by Catcher to First - Out!
Top of the 6th over - 0 run(s), 1 hit(s), 0 error(s), 0 left on base; Tuscaloosa 1 - Capitol District 4
BOTTOM OF THE 6TH
Capitol District Templars batting - Pitching for Tuscaloosa Tide : RHP Jorge Candelária
Batting: LHB Ken Bane 0-0: Fly out, F8 (Flyball, 8LM)
Batting: LHB Aaron Givens 0-0: Ball
1-0: Ball
2-0: Called Strike
2-1: Fly out, F7 (Flyball, 7S)
Batting: RHB Bert Keller 0-0: Swinging Strike
0-1: Ball
1-1: Ground out 5-3 (Groundball, 5S)
Bottom of the 6th over - 0 run(s), 0 hit(s), 0 error(s), 0 left on base; Tuscaloosa 1 - Capitol District 4
TOP OF THE 7TH
Tuscaloosa Tide batting - Pitching for Capitol District Templars : LHP Ken Bane
Batting: LHB Guillermo Martínez 0-0: Ball
1-0: Swinging Strike
1-1: Foul Ball, location: 2F
1-2: Foul Ball, location: 2F
1-2: Strikes out swinging
Batting: RHB Jorge Candelária 0-0: Ball
1-0: Ball
2-0: Called Strike
2-1: Ball
3-1: Called Strike
3-2: Ground out U3 (Groundball, 3S)
Batting: RHB Waylon Peterson 0-0: Called Strike
0-1: Ground out 4-3 (Groundball, 4)
Top of the 7th over - 0 run(s), 0 hit(s), 0 error(s), 0 left on base; Tuscaloosa 1 - Capitol District 4
BOTTOM OF THE 7TH
Capitol District Templars batting - Pitching for Tuscaloosa Tide : RHP Jorge Candelária
Batting: LHB Emílio Sáenz 0-0: Swinging Strike
0-1: Ball
1-1: Swinging Strike
1-2: Strikes out swinging
Batting: RHB Wesley Osborne 0-0: Ball
1-0: Called Strike
1-1: Ball
2-1: DOUBLE (Groundball, 5L)
Batting: RHB Henry Collier 0-0: Ball
1-0: Called Strike
1-1: Foul Ball, location: 2F
1-2: Fly out, F5 (Line Drive, 5L)
Batting: RHB Juan Torres 0-0: Swinging Strike
0-1: Ball
1-1: Swinging Strike
1-2: Strikes out swinging
Bottom of the 7th over - 0 run(s), 1 hit(s), 0 error(s), 1 left on base; Tuscaloosa 1 - Capitol District 4
TOP OF THE 8TH
Tuscaloosa Tide batting - Pitching for Capitol District Templars : LHP Ken Bane
Pitching: RHP Luis Ruíz
Now at 1B: Jeff Walsh
Batting: RHB Tomás Gonzáles 0-0: Ball
1-0: Ball
2-0: Called Strike
2-1: Foul Ball, location: 2F
2-2: Foul Ball, location: 2F
2-2: Ball
3-2: Ground out 4-3 (Groundball, 34)
Batting: RHB Nick McKnight 0-0: Called Strike
0-1: Foul Ball, location: 2F
0-2: Ball
1-2: DOUBLE (Flyball, 7D)
Pitching: RHP Dan Williams
Batting: LHB Jesús Vargas 0-0: Ground out 1-3 (Groundball, 15)
Pitching: LHP Rocky Russell
Batting: LHB Daniel Clark 0-0: Called Strike
0-1: Called Strike
0-2: Strikes out swinging
Top of the 8th over - 0 run(s), 1 hit(s), 0 error(s), 1 left on base; Tuscaloosa 1 - Capitol District 4
BOTTOM OF THE 8TH
Capitol District Templars batting - Pitching for Tuscaloosa Tide : RHP Jorge Candelária
Pitching: RHP Woody Cook
Batting: LHB Cristo Correa 0-0: Called Strike
0-1: Ball
1-1: Fly out, F6 (Popup, 6D)
Batting: RHB Harry Fuller 0-0: Called Strike
0-1: Ball
1-1: Ball
2-1: Fly out, F3 (Popup, 13S)
Batting: LHB Jeff Walsh 0-0: Ground out 3-1 (Groundball, 3)
Bottom of the 8th over - 0 run(s), 0 hit(s), 0 error(s), 0 left on base; Tuscaloosa 1 - Capitol District 4
TOP OF THE 9TH
Tuscaloosa Tide batting - Pitching for Capitol District Templars : LHP Rocky Russell
Pitching: LHP Augusto Jaramillo
Batting: RHB Juan Cabrera 0-0: Ball
1-0: Called Strike
1-1: Foul Ball, location: 2F
1-2: Ball
2-2: Ground out 1-3 (Groundball, 13)
Batting: RHB Juan Jose Díaz 0-0: Called Strike
0-1: Ball
1-1: Ball
2-1: Ball
3-1: Ground out 6-3 (Groundball, 6)
Batting: LHB Guillermo Martínez 0-0: Ball
1-0: Ball
2-0: Called Strike
2-1: Swinging Strike
2-2: Strikes out swinging
Top of the 9th over - 0 run(s), 0 hit(s), 0 error(s), 0 left on base; Tuscaloosa 1 - Capitol District 4
This league is powered by Out of the Park Baseball, the baseball management simulation game for PC, Mac and Linux
Thursday, April 24th, 2014 - OOTP Baseball 14.6 Build 33